 Dungeon Crawl Stone Soup version 0.22-a0-419-g492bfec (webtiles) character file.

43 dstrtnsr the Ruffian (level 3, -2/36 HPs)
             Began as a Troll Fighter on May 15, 2018.
             Slain by a worm (8 damage)
             ... on level 3 of the Dungeon.
             The game lasted 00:00:55 (954 turns).

dstrtnsr the Ruffian (Troll Fighter)                 Turns: 954, Time: 00:00:55

Health: -2/36      AC:  5    Str: 25    XL:     3   Next: 37%
Magic:  2/2        EV:  8    Int:  4    God:
Gold:   88         SH:  8    Dex:  9    Spells: 2/2 levels left

rFire    . . .     SeeInvis .     - Unarmed
rCold    . . .     Gourm    +   b - +0 shield
rNeg     . . .     Faith    .   a - +0 robe
rPois    .         Spirit   .   (helmet restricted)
rElec    .         Reflect  .   (no cloak)
rCorr    .         Harm     .   (gloves unavailable)
MR       .....                  (boots unavailable)
Stlth    +.........             (no amulet)
HPRegen  0.52/turn              (no ring)
MPRegen  0.08/turn              (no ring)

@: no status effects
A: large, unfitting armour, claws 3, fast metabolism 3, gourmand, regeneration
1, shaggy fur 1, tough skin 2
a: no special abilities


You were on level 3 of the Dungeon.
You were very full.

You visited 1 branch of the dungeon, and saw 3 of its levels.

You collected 88 gold pieces.

Inventory:

Armour
 a - a +0 robe (worn)
 b - a +0 shield (worn)
Jewellery
 g - an uncursed ring of flight {unknown}
Scrolls
 d - a scroll of teleportation {unknown}
 f - a scroll of enchant weapon {unknown}
 h - a scroll of random uselessness {unknown}
 j - 2 scrolls of blinking
Potions
 c - 2 potions of might
 i - 2 potions of heal wounds {unknown}
 k - 2 potions of brilliance {unknown}
 l - 2 potions of invisibility {unknown}
 m - a potion of magic {unknown}
Comestibles
 e - 5 rations {!d}


   Skills:
 + Level 2.8 Fighting
 - Level 2.4 Dodging
 - Level 2.4 Shields
 * Level 3.3 Unarmed Combat


You had 2 spell levels left.
You didn't know any spells.
Your spell library was empty.

Dungeon Overview and Level Annotations

Branches:
Dungeon (3/15)

Altars:


Innate Abilities, Weirdness & Mutations

You are too large for most types of armour.
You have claws for hands.
Your metabolism is lightning-fast.
You like to eat raw meat.
Your natural rate of healing is unusually fast.
You are covered in fur. (AC +1)
You have very tough skin. (AC +2)


Message History

Found a stone staircase leading up.
A kobold comes into view.
The kobold shouts!
The kobold throws a stone.
The stone hits you.
You see here a stone.
A kobold is nearby!
A kobold is nearby!
A kobold is nearby!
A kobold is nearby!
You claw the kobold!
You kill the kobold!
No target in view!
No target in view!
No target in view!
You see here a stone.
There is an open door here.
You see here a club.
You open the door.
A bat comes into view.
Found a stone staircase leading down.
A kobold comes into view. It is wielding a dagger.
The bat barely misses you. You block the bat's attack.
The kobold throws a stone.
The stone barely misses you.
There is an open door here.
You see here a stone.
There are monsters nearby!
There are monsters nearby!
There are monsters nearby!
You closely miss the bat. You block the bat's attack.
The kobold throws a stone.
You block the stone. The bat closely misses you.
You claw the bat!
You kill the bat!
The kobold hits you with a dagger.
You barely miss the kobold. You block the kobold's attack.
You scratch the kobold.
The kobold is heavily wounded.
You block the kobold's attack.
You scratch the kobold.
You kill the kobold!
No target in view!
No target in view!
Things that are here:
a dagger; a kobold corpse You open the door.
You open the door.
There is an open door here.
Done exploring.
Done exploring.
Done exploring.
No target in view!
No target in view!
No target in view!
There is a stone staircase leading down here.
You climb downwards.
Found a ration.
There is a stone staircase leading up here.
Unknown command.
A worm and a goblin come into view.
The goblin shouts!
You hear a bark!
A worm comes into view.
You see here a ration {!d}.
There are monsters nearby!
You block the worm's attack.
A kobold comes into view. It is wielding a short sword.
The kobold shouts!
You scratch the worm.
The worm is lightly wounded.
The kobold moves out of view.
The worm bites you.
A jackal comes into view.
You claw the worm!
The worm is heavily wounded.
The jackal moves out of view.
The worm bites you!
You barely miss the worm.
The worm is heavily wounded.
You block the worm's attack. The worm bites you!
A kobold comes into view.
You are too injured to fight recklessly!
You are too injured to fight recklessly!
Unknown command.
The kobold shouts!
You hear a bark!
There is a stone staircase leading up here.
The kobold hits you with a short sword.
You claw the kobold!
You kill the kobold!
You closely miss the jackal. You block the jackal's attack.
You claw the jackal!
You kill the jackal!
The worm bites you but does no damage. The worm bites you.
Things that are here:
a short sword; a kobold corpse You scratch the worm.
The worm is moderately wounded.
You scratch the worm.
The worm is moderately wounded.
The worm bites you!
* * * LOW HITPOINT WARNING * * *
The worm bites you!
You die...

.# .. #.# .. #.
## #.########
....##...gw@w.#
#........####K##
.#.###<.#......
# #.h#...K...#
#.%#K##....#
#.g..g..##.#
#.............
#.####.......#.
#. #..####.#


You could see 2 worms, a goblin and a kobold.

Vanquished Creatures
  An adder (D:2)
  4 bats
  A giant cockroach (D:1)
  2 goblins
  8 hobgoblins
  4 jackals
  A quokka (D:2)
  3 frilled lizards
  3 kobolds
  6 rats
33 creatures vanquished.

Notes
Turn   | Place    | Note
-------+----------+-------------------------------------------
     0 | D:1      | dstrtnsr the Troll Fighter began the quest for the Orb.
     0 | D:1      | Reached XP level 1. HP: 22/22 MP: 0/0
    58 | D:1      | Reached XP level 2. HP: 19/29 MP: 1/1
   692 | D:2      | Reached skill level 3 in Unarmed Combat
   744 | D:2      | Reached XP level 3. HP: 36/36 MP: 2/2
   954 | D:3      | HP: 6/36 [worm (11)]
   954 | D:3      | Slain by a worm

Vault maps used:
D:1:      lightli_arrival_statue_moat, hex_intersection, roderic_lattice_a
D:2:      chequers_ecumenical_altar_simple
D:3:      first_ration

Skill      XL: |  1  2 |
---------------+-------+-----
Unarmed Combat | 3 |  3.3
Fighting       | |  2.8
Dodging        | |  2.4
Shields        | |  2.4

Action                   || total
-------------------------++-------
Melee: Unarmed           ||    83
  Use: Scroll            ||     1
  Eat: Chunk             ||    12
Armor: Robe              ||    35
Dodge: Dodged            ||    25
Block: Shield            ||    39

Table legend:
 A = Spawn XP
 B = Non-spawn XP
 C = Spawn XP percentage of total XP
 D = Spawn monster count
 E = Non-spawn monster count
 F = Spawn count percentage of total count
 G = Total turns spent on level
                    A         B        C        D         E        F      G
               +---------+---------+-------+---------+---------+-------+---------
         Total |       0 |      62 |   0.0 |       0 |      33 |   0.0 |   954
               +---------+---------+-------+---------+---------+-------+---------
           D:1 |       0 |      31 |   0.0 |       0 |      19 |   0.0 |   689
           D:2 |       0 |      28 |   0.0 |       0 |      12 |   0.0 |   239
           D:3 |       0 |       3 |   0.0 |       0 |       2 |   0.0 |    26
               +---------+---------+-------+---------+---------+-------+---------
